 Dungeon Crawl Stone Soup version 0.25-a0-1126-g5fd7b56c60 (webtiles) character file.

Game seed: 934544251755785477, levelgen mode: deterministic

1190 Deyras the Cutter (level 8, 0/69 HPs)
             Began as a Yellow Draconian Berserker on May 19, 2020.
             Was an Elder of Trog.
             Slain by a sky beast (4 damage)
             ... on level 5 of the Dungeon.
             The game lasted 00:31:57 (3547 turns).

Deyras the Cutter (Yellow Draconian Berserker)      Turns: 3547, Time: 00:31:57

Health: 0/69       AC:  6    Str: 21    XL:     8   Next: 20%
Magic:  8/8        EV: 14    Int:  7    God:    Trog [****..]
Gold:   200        SH:  0    Dex: 12    Spells: 7/7 levels left

rFire    x . .     SeeInvis .   l - +2 dagger (elec)
rCold    + . .     Gourm    .   (no shield)
rNeg     . . .     Faith    .   (armour unavailable)
rPois    +         Spirit   .   (helmet restricted)
rElec    .         Reflect  .   (no cloak)
rCorr    +         Harm     .   (no gloves)
MR       .....                  (no boots)
Stlth    ++........             n - amulet of magic regeneration
HPRegen  0.21/turn              e - ring of poison resistance
MPRegen  0.36/turn              i - ring of ice

@: very slightly contaminated, invisible
A: spit acid, unfitting armour, cold-blooded, acid resistance, AC +6
a: Breathe Acid, Berserk, Trog's Hand, Brothers in Arms, Renounce Religion


You were on level 5 of the Dungeon.
You worshipped Trog.
Trog was greatly pleased with you.
You were near starving.

You visited 1 branch of the dungeon, and saw 5 of its levels.

You collected 200 gold pieces.

Inventory:

Hand Weapons
 a - a +0 falchion
 j - a +0 short sword
 l - a +2 dagger of electrocution (weapon)
Armour
 d - a +0 scale mail
 m - a +0 ring mail
 p - a +0 leather armour
 t - a cursed +0 leather armour
Jewellery
 e - a ring of poison resistance (left hand)
 i - a ring of ice (right hand)
 n - an amulet of magic regeneration (around neck)
Scrolls
 c - 2 scrolls of remove curse {unknown}
 g - 6 scrolls of identify {unknown}
 h - a scroll of teleportation {unknown}
 q - 3 scrolls of amnesia {unknown}
 r - 2 scrolls of immolation {unknown}
 s - a scroll of random uselessness {unknown}
 w - a scroll of fear {unknown}
Potions
 f - a potion of mutation {unknown}
 k - a potion of brilliance {unknown}
 o - a potion of invisibility
 u - a potion of cancellation {unknown}
 v - a potion of lignification {unknown}
Comestibles
 b - 9 rations


   Skills:
 + Level 5.5 Fighting
 + Level 6.1(6.7) Short Blades
 + Level 4.0(5.6) Long Blades
 + Level 5.4 Dodging
 + Level 1.8 Stealth


You had 7 spell levels left.
You didn't know any spells.
Your spell library was empty.

Dungeon Overview and Level Annotations

Branches:
Dungeon (5/15)
 Temple: D:4-7

Altars:
Elyvilon
Qazlal
Vehumet

Shops:
D:4 (!


Innate Abilities, Weirdness & Mutations

You can spit globs of acid.
Your golden yellow scales are hard. (AC +6)
You cannot fit into any form of body armour.
You are cold-blooded and may be slowed by cold attacks.
You are resistant to acid. (rCorr)


Message History

The orc hits you from afar with a +0 trident.
You barely miss something. Something hits you but does no damage.
The orc completely misses you.
You miss something. Something hits you. Something shocks you.
* * * LOW HITPOINT WARNING * * *
You hit something. You tail-slap something.
The orc hits you from afar with a +0 trident.
* * * LOW HITPOINT WARNING * * *
You fade into invisibility!
Something hits you.
* * * LOW HITPOINT WARNING * * *
Something shocks you.
* * * LOW HITPOINT WARNING * * *
The orc closely misses you.
You are very lightly contaminated with residual magic.
You hit something.
Your tail-slap misses something.
Something hits you but does no damage.
You hit something. Something hits you.
You die...

#............##........
#.............##....# ..
#......#....#.......#
...
#########...#.......#
.... #........#..##(...
##(......#.##...#.
#................
###......#....###.#...##
#......@.##..## ###.....
##..#....o..#####.......
#####..#......#........
#.###..(.......... ##
#......##......#
#.........## ..#
##.........#....
##.............
#..............


You could see an orc.

Vanquished Creatures
  A phantom (D:4)
  2 ice beasts
  An ogre (D:4)
  A gnoll sergeant (D:5)
  A scorpion (D:5)
  A killer bee (D:4)
  3 hounds
  3 orc priests
  2 orc wizards
  4 worker ants (D:4)
  2 hound skeletons (D:4)
  14 adders
  7 gnolls
  4 worms
  10 leopard geckos
  15 orcs
  5 ball pythons
  6 giant cockroaches
  6 goblins
  2 hobgoblins
  5 jackals (D:2)
  A quokka (D:3)
  12 bats
  7 frilled lizards
  12 kobolds
  9 rats
136 creatures vanquished.

Vanquished Creatures (others)
  A quokka (D:2)
  A bat (D:2)
2 creatures vanquished.

Grand Total: 138 creatures vanquished

Notes
Turn   | Place    | Note
-------+----------+-------------------------------------------
     0 | D:1      | Deyras the Draconian Berserker began the quest for the Orb.
     0 | D:1      | Reached XP level 1. HP: 19/19 MP: 1/1
    92 | D:1      | Reached XP level 2. HP: 18/26 MP: 2/2
   288 | D:1      | Reached XP level 3. HP: 19/31 MP: 3/3
   371 | D:1      | Reached ** piety under Trog
   735 | D:2      | Found a white marble altar of Elyvilon.
   820 | D:2      | Reached XP level 4. HP: 39/40 MP: 4/4
   861 | D:2      | Reached skill level 1 in Short Blades
  1023 | D:3      | Reached *** piety under Trog
  1047 | D:3      | Reached XP level 5. HP: 28/46 MP: 5/5
  1235 | D:3      | Reached skill level 2 in Short Blades
  1238 | D:3      | HP: 1/46 [orc priest/nerve-wracking pain (7)]
  1720 | D:3      | Reached XP level 6. HP: 46/52 MP: 6/6
  1739 | D:3      | Noticed an ice beast
  1807 | D:3      | Reached skill level 3 in Short Blades
  1812 | D:3      | Killed an ice beast
  2140 | D:4      | Found Nunuaf's Weapon Shoppe.
  2289 | D:4      | Reached skill level 4 in Short Blades
  2289 | D:4      | Reached skill level 1 in Stealth
  2297 | D:4      | Your scales start taking on a golden yellow colour.
  2297 | D:4      | Reached XP level 7. HP: 41/60 MP: 7/7
  2297 | D:4      | Gained mutation: You are resistant to acid. (rCorr) [Yellow
                  | Draconian growth]
  2343 | D:4      | Found a stormy altar of Qazlal.
  2542 | D:4      | Found Nach's Distillery.
  2594 | D:4      | Reached **** piety under Trog
  2803 | D:4      | Reached skill level 5 in Short Blades
  2848 | D:4      | Reached skill level 5 in Fighting
  2848 | D:4      | Reached skill level 5 in Dodging
  3329 | D:5      | Entered Level 5 of the Dungeon
  3406 | D:5      | Reached XP level 8. HP: 58/68 MP: 8/8
  3439 | D:5      | Found a radiant altar of Vehumet.
  3524 | D:5      | Reached skill level 6 in Short Blades
  3542 | D:5      | HP: 3/69 [something (6)]
  3547 | D:5      | Slain by a sky beast

Illustrated notes

Levels and vault maps discovered:
D:1:      minmay_arrival_three_doors, layout_basic
D:2:      minmay_skewed_foursquare, layout_basic, elyvilon_altar_4
D:3:      layout_basic
D:4:      layout_layer_cave, nicolae_overflow_crystal_walls, serial_shops, shop,
          shop, minmay_vboxes
D:5:      kennysheep_six_static_rooms, layout_cave_pools, basic_altar,
          first_ration, tgw_trog, uniq_pikel, uniq_prince_ribbit1

Skill      XL: |  1  2  3  4  5  6  7  8 |
---------------+-------------------------+-----
Dodging        | 3 4 5 |  5.4
Short Blades   | 1 2 4 5 6 |  6.1
Fighting       | 4 5 |  5.5
Long Blades    | 4 |  4.0
Stealth        | 1 |  1.8

Action                   |  1- 3 |  4- 6 |  7- 9 || total
-------------------------+-------+-------+-------++-------
Melee: Falchion          |    54 |       |       ||    54
       Tailslap          |     9 |    20 |    26 ||    55
       Dagger            |    59 |   177 |   214 ||   450
  Use: Potion            |       |     2 |     3 ||     5
 Stab: Invisible         |       |     2 |       ||     2
  Eat: Chunk             |       |     5 |     2 ||     7
Armor: Skin              |    38 |    36 |    33 ||   107
Dodge: Dodged            |   101 |    90 |   136 ||   327
       Rpst.: Falchion   |    17 |       |       ||    17

Table legend:
 A = Non-vault XP
 B = Vault XP
 C = Vault XP percentage of total XP
 D = Non-vault monster count
 E = Vault monster count
 F = Vault count percentage of total count
                 A         B        C        D         E       F
            +---------+---------+-------+---------+---------+-------
      Total |    1583 |     118 |   6.9 |     128 |       8 |   5.9
            +---------+---------+-------+---------+---------+-------
        D:1 |      48 |       0 |   0.0 |      24 |       0 |   0.0
        D:2 |      98 |       8 |   7.5 |      26 |       4 |  13.3
        D:3 |     396 |       0 |   0.0 |      35 |       0 |   0.0
        D:4 |     629 |     110 |  14.9 |      32 |       4 |  11.1
        D:5 |     412 |       0 |   0.0 |      11 |       0 |   0.0
            +---------+---------+-------+---------+---------+-------
